 Dungeon Crawl Stone Soup version 0.24-a0-518-g9d8d8d5b78 (webtiles) character file.

Game seed: 9910279789087156987

13409 Froggeryz the Cleaver (level 11, 0/126 HPs)
             Began as a Demonspawn Berserker on July 23, 2019.
             Was a High Priest of Trog.
             Slain by a blink frog (7 damage)
             ... on level 1 of the Lair of Beasts.
             The game lasted 00:24:22 (9619 turns).

Froggeryz the Cleaver (Demonspawn Berserker)        Turns: 9619, Time: 00:24:22

Health: 0/126      AC: 15    Str: 24    XL:     11   Next: 75%
Magic:  0/11       EV: 11    Int:  8    God:    Trog [*****.]
Gold:   821        SH:  0    Dex: 24    Spells: 10/10 levels left

rFire    . . .     SeeInvis .   M - +1 executioner's axe (distort)
rCold    + . .     Gourm    .   (shield currently unavailable)
rNeg     . . .     Faith    +   L - +1 scale mail {rC+}
rPois    .         Spirit   +   x - +0 helmet of the Armoured One {Dex+9 Slay+2}
rElec    .         Reflect  .   (no cloak)
rCorr    .         Harm     .   (no gloves)
MR       +....                  n - +0 pair of boots {Fly}
Stlth    ..........             C - amulet of faith
HPRegen  6.31/turn              E - ring of protection from magic
MPRegen  0.24/turn              (no ring)

@: berserking (expiring), flying, very quick
A: claws 2, icy blue scales 2, powered by death 2, magic shield, magic
regeneration
a: Berserk, Trog's Hand, Brothers in Arms, Renounce Religion, Stop Flying


You were on level 1 of the Lair of Beasts.
You worshipped Trog.
Trog was extremely pleased with you.
You were very hungry.

You visited 2 branches of the dungeon, and saw 13 of its levels.
You also visited: Gauntlet.

You collected 821 gold pieces.

Inventory:

Hand Weapons
 o - a +4 spear of venom
 H - a +3 war axe
 M - a +1 executioner's axe of distortion (weapon)
Missiles
 d - 15 silver javelins (quivered)
 f - a throwing net
 v - 6 javelins
Armour
 n - a +0 pair of boots of flying (worn)
 x - the +0 helmet of the Armoured One (worn) {Dex+9 Slay+2}
   (You found it in a Gauntlet)

   It affects your dexterity (+9).
   It affects your accuracy and damage with ranged weapons and melee attacks
   (+2).
 L - a +1 scale mail of cold resistance (worn)
Jewellery
 y - an uncursed ring of flight
 C - an amulet of faith (around neck)
 E - a ring of protection from magic (left claw)
Wands
 z - a wand of digging (7)
 D - a wand of flame (13)
 J - a wand of iceblast (10)
 K - a wand of paralysis (7)
Scrolls
 a - 3 scrolls of immolation {unknown}
 g - a scroll of identify
 i - 6 scrolls of teleportation
 k - 2 scrolls of magic mapping
 l - 5 scrolls of remove curse
 m - 3 scrolls of fog
 B - 2 scrolls of enchant weapon
 G - a scroll of enchant armour
Potions
 b - a potion of magic
 e - a potion of might
 h - 8 potions of curing
 j - a potion of lignification
 p - a potion of ambrosia
 q - a potion of resistance
 r - 2 potions of flight
 s - a potion of brilliance
 t - 6 potions of haste
 u - a potion of agility
 w - a potion of invisibility
 F - a potion of cancellation
 I - a potion of degeneration
Comestibles
 c - 27 rations
 A - 2 chunks of flesh


   Skills:
 - Level 7.0 Fighting
 * Level 14.1 Axes
 - Level 8.4 Armour
 - Level 1.7 Dodging


You had 10 spell levels left.
You didn't know any spells.
Your spell library was empty.

Dungeon Overview and Level Annotations

Branches:
Dungeon (12/15)            Temple (0/1) D:5            Lair (1/6) D:9
    Orc: D:9-12

Altars:
Cheibriados
Dithmenos
Elyvilon
Fedhas
Gozag
Hepliaklqana
Nemelex Xobeh
Okawaru
Qazlal
Trog
Uskayaw
Wu Jian
Yredelemnul
Zin

Shops:
D:6 =   D:8 !   D:10 =


Innate Abilities, Weirdness & Mutations

You have very sharp fingernails.
You are mostly covered in icy blue scales. (AC +3)
You regenerate health from kills.
When hurt, damage is shared between your health and your magic reserves.
You regenerate magic rapidly.


Message History

The blink frog barely misses you.
You closely miss the komodo dragon.
The komodo dragon is almost dead.
You miss the blink frog. You closely miss the blink frog.
The blink frog closely misses you. The blink frog hits you.
* * * LOW HITPOINT WARNING * * *
The blink frog blinks!
The komodo dragon bites you!
* * * LOW HITPOINT WARNING * * *
You slice the komodo dragon!!
You kill the komodo dragon!
Trog accepts your kill.
You barely miss the porcupine. You barely miss the blink frog.
The blink frog hits you!
* * * LOW HITPOINT WARNING * * *
The porcupine barely misses you.
You slash the blink frog!
Space warps horribly around the blink frog!
The blink frog is almost dead.
You closely miss the porcupine. The blink frog hits you!
You die...

#P...##..≈≈≈≈.#
##.#.P##≈.≈..# #..###.##
#.........#P.# #........
#............###........
#.........##..##....F...
#.........###.##........
#..........##†.#........
#.........###..#.F(.....
#####'##### ##..@.......
#.P# #.#§r...... #.##
##.##.P###. #.# ## ..#
##.# ... #..# ###. ##.#
. #.# ##.#


You could see 2 blink frogs and a porcupine.

Vanquished Creatures
  A minotaur (Gauntlet)
  A hell beast (Gauntlet)
  A ghost crab (Gauntlet)
  Urug (D:11)
  An unseen horror (D:11)
  2 ugly things (D:11)
  A manticore (D:11)
  A gargoyle (D:11)
  2 komodo dragons
  A hornet (D:9)
  2 blink frogs (Lair:1)
  6 hippogriffs
  4 yaks (D:10)
  4 hogs (D:10)
  A human (D:10)
  A hungry ghost (D:10)
  A soldier ant (D:11)
  A porcupine (Lair:1)
  4 water moccasins
  2 ice beasts (D:9)
  5 sky beasts
  2 phantoms
  5 ogres
  A crocodile (Lair:1)
  4 centaurs
  7 bullfrogs
  A gnoll sergeant (D:10)
  4 scorpions
  3 killer bees (D:9)
  8 wights
  A howler monkey (D:5)
  4 crimson imps
  3 centaur zombies
  7 hounds
  An orc priest (D:5)
  4 orc wizards
  A quasit (D:11)
  2 bullfrog skeletons
  2 iguanas
  6 worker ants
  2 worker ant zombies
  Robin (D:4)
  15 gnolls
  10 adders
  A shadow imp (D:6)
  An ooze (D:3)
  2 adder zombies (D:9)
  2 adder skeletons
  3 worms
  3 dart slugs
  7 leopard geckos
  23 orcs
  7 giant cockroaches
  17 goblins
  11 hobgoblins
  25 jackals
  2 quokkas
  8 bats
  5 frilled lizards
  A jackal skeleton (D:4)
  13 kobolds
  A quokka skeleton (D:7)
  9 rats
  A plant (D:9)
  2 withered plants (Gauntlet)
281 creatures vanquished.

Vanquished Creatures (others)
  10 plants (D:9)
  2 withered plants (Gauntlet)
12 creatures vanquished.

Grand Total: 293 creatures vanquished

Notes
Turn   | Place    | Note
-------+----------+-------------------------------------------
     0 | D:1      | Froggeryz the Demonspawn Berserker began the quest for the
                  | Orb.
     0 | D:1      | Reached XP level 1. HP: 18/18 MP: 1/1
   271 | D:1      | Reached skill level 3 in Axes
   274 | D:1      | Gained mutation: You are partially covered in icy blue
                  | scales. (AC +2) [demonic ancestry]
   274 | D:1      | Reached XP level 2. HP: 10/24 MP: 2/2
   479 | D:1      | Reached ** piety under Trog
   483 | D:1      | Gained mutation: You have sharp fingernails. [demonic
                  | ancestry]
   483 | D:1      | Reached XP level 3. HP: 23/29 MP: 3/3
  1352 | D:2      | Reached skill level 4 in Axes
  1352 | D:2      | Gained mutation: When hurt, damage is shared between your
                  | health and your magic reserves. [demonic ancestry]
  1352 | D:2      | Reached XP level 4. HP: 26/37 MP: 4/4
  1990 | D:2      | Gained mutation: You regenerate magic rapidly. [demonic
                  | ancestry]
  1990 | D:2      | Reached XP level 5. HP: 24/42 MP: 3/5
  2039 | D:2      | Reached *** piety under Trog
  2270 | D:3      | Found a shadowy altar of Dithmenos.
  2656 | D:3      | Reached skill level 5 in Axes
  3041 | D:4      | Reached XP level 6. HP: 49/49 MP: 6/6
  3069 | D:4      | Received a gift from Trog
  3115 | D:4      | Noticed Robin
  3142 | D:4      | Killed Robin
  3148 | D:4      | Reached **** piety under Trog
  3485 | D:4      | Found a hide-covered altar of Uskayaw.
  4053 | D:5      | Entered Level 5 of the Dungeon
  4076 | D:5      | Reached skill level 5 in Fighting
  4138 | D:4      | Reached skill level 6 in Axes
  4161 | D:5      | Found a sparkling altar of Nemelex Xobeh.
  4327 | D:5      | Gained mutation: You regenerate a little health from kills.
                  | [demonic ancestry]
  4327 | D:5      | Reached XP level 7. HP: 56/56 MP: 7/7
  4353 | D:5      | Found a staircase to the Ecumenical Temple.
  4391 | D:5      | Noticed a hippogriff
  4401 | D:5      | Killed a hippogriff
  4428 | D:5      | Found a snail-covered altar of Cheibriados.
  4457 | D:5      | Reached skill level 7 in Axes
  4563 | D:6      | Found a blossoming altar of Fedhas.
  4601 | D:6      | Gained mutation: You regenerate health from kills. [demonic
                  | ancestry]
  4601 | D:6      | Reached XP level 8. HP: 64/64 MP: 6/8
  4637 | D:6      | Found a stormy altar of Qazlal.
  4669 | D:6      | Reached skill level 8 in Axes
  4972 | D:6      | Found a hazy altar of Hepliaklqana.
  4981 | D:6      | Reached skill level 9 in Axes
  5086 | D:6      | Found Ysmomu's Jewellery Shoppe.
  5111 | D:6      | Found a white marble altar of Elyvilon.
  5306 | D:6      | Reached ***** piety under Trog
  5503 | D:7      | Gained mutation: You are mostly covered in icy blue scales.
                  | (AC +3) [demonic ancestry]
  5503 | D:7      | Reached XP level 9. HP: 62/72 MP: 7/9
  5920 | D:8      | Reached skill level 10 in Axes
  6109 | D:8      | Found Zitwee's Distillery.
  6129 | D:8      | Found an ornate altar of the Wu Jian Council.
  6294 | D:8      | Found a bloodstained altar of Trog.
  6298 | D:8      | Found a basalt altar of Yredelemnul.
  6304 | D:8      | Found an iron altar of Okawaru.
  6595 | D:9      | Paralysed by a hornet for 1 turns
  6609 | D:9      | Reached skill level 5 in Armour
  6677 | D:9      | Reached skill level 11 in Axes
  6770 | D:9      | Reached XP level 10. HP: 55/79 MP: 7/10
  6784 | D:9      | Found a staircase to the Lair.
  6987 | D:9      | Found a glowing silver altar of Zin.
  6988 | D:9      | Found an opulent altar of Gozag.
  7090 | D:10     | Entered Level 10 of the Dungeon
  7201 | D:10     | Received a gift from Trog
  7309 | D:10     | Reached skill level 12 in Axes
  7490 | D:10     | Found Reatwey's Jewellery Shoppe.
  7616 | D:11     | Noticed Urug
  7635 | D:11     | Killed Urug
  7678 | D:11     | Found a gate leading to a gauntlet.
  7687 | Gauntlet | Entered a Gauntlet
  7687 | Gauntlet | Found a transporter.
  7865 | Gauntlet | Found a runed translucent door.
  7865 | Gauntlet | Noticed a large abomination
  7866 | Gauntlet | Found a transporter.
  7867 | Gauntlet | Found a transporter.
  7867 | Gauntlet | Found a runed translucent door.
  7868 | Gauntlet | Found the +2 pair of boots of the Assassin {Detection Stab+
                  | Stlth++}
  7870 | Gauntlet | Noticed a ghost crab
  7871 | Gauntlet | Found a transporter.
  7872 | Gauntlet | Found a transporter.
  7872 | Gauntlet | Found a transporter.
  7880 | Gauntlet | Found a transporter.
  7880 | Gauntlet | Noticed a hell beast
  7883 | Gauntlet | Found a transporter.
  7883 | Gauntlet | Noticed a green death
  7883 | Gauntlet | Noticed an orange demon
  7941 | Gauntlet | Noticed a spectral seven-headed hydra
  7945 | Gauntlet | Killed a ghost crab
  8007 | Gauntlet | Killed a hell beast
  8007 | Gauntlet | Gained mutation: You have very sharp fingernails. [demonic
                  | ancestry]
  8007 | Gauntlet | Reached XP level 11. HP: 34/84 MP: 3/11
  8010 | Gauntlet | Got a smoking helmet
  8019 | Gauntlet | Identified the +0 helmet of the Armoured One {Dex+9 Slay+2}
                  | (You found it in a Gauntlet)
  8280 | Gauntlet | Noticed a minotaur
  8302 | Gauntlet | Killed a minotaur
  8302 | Gauntlet | Reached skill level 13 in Axes
  8671 | D:11     | Killed an unseen horror
  8859 | D:11     | Noticed a green ugly thing
  8872 | D:11     | Killed a green ugly thing
  9145 | D:11     | Noticed a white ugly thing
  9160 | D:11     | Killed a white ugly thing
  9423 | D:12     | Noticed an eight-headed hydra
  9484 | Lair:1   | Entered Level 1 of the Lair of Beasts
  9570 | Lair:1   | Received a gift from Trog
  9615 | Lair:1   | Reached skill level 14 in Axes
  9618 | Lair:1   | HP: 1/126 [blink frog (14)]
  9619 | Lair:1   | Slain by a blink frog

Levels and vault maps discovered:
D:1:      erik_arrival_triangle_small, layout_basic, nrook_mini_vaults,
          supply_closet_lemuel
D:2:      layout_basic, minmay_fractal_squares_gapless_5
D:3:      layout_loops_cross, nicolae_dithmenos_through_a_glass_darkly
D:4:      layout_cave_pods, kennysheep_little_box, uniq_robin
D:5:      layout_basic, nemelex_xobeh_ov_fountains_minmay,
          kennysheep_slug_shrine, minmay_temple_entry_poolview, first_ration
D:6:      layout_loops_ring, grunt_temple_overflow_forces_of_nature,
          overflow_temple_1_default, lemuel_round_altar, serial_shops,
          kennysheep_mini, minmay_misc_feat_plants, mumra_transporter_accident
D:7:      layout_basic
D:8:      layout_basic, minmay_overflow_temple_star_quad, old_standard_altar,
          serial_shops, shop
D:9:      layout_basic, grunt_temple_overflow_gold_and_silver,
          david_lair_shrubbed
D:10:     layout_rooms, serial_shops, shop_fountains, grunt_livestock,
          kennysheep_flooded_box
D:11:     layout_basic, gauntlet_entry_generic, kennysheep_generic_room_3,
          uniq_urug
D:12:     layout_irregular_city, orc_0_dummy, lemuel_flamethrower_hall,
          uniq_rupert
Lair:1:   layout_roguey, minivault_19, lemuel_centaur_altar,
          infiniplex_staircase_pool

Skill      XL: |  1  2  3  4  5  6  7  8  9 10 11 |
---------------+----------------------------------+-----
Axes           | 3 4 5 6 7 9 11 12 14 | 14.1
Fighting       | 4 5 6 7 |  7.0
Armour         | 2 5 7 8 |  8.4
Dodging        | |  1.7

Action                   |  1- 3 |  4- 6 |  7- 9 | 10-12 || total
-------------------------+-------+-------+-------+-------++-------
Melee: Hand axe          |   108 |   137 |     2 |       ||   247
       Spear             |       |   126 |    85 |       ||   211
       War axe           |       |       |   239 |   282 ||   521
       Executioner's axe |       |       |       |    20 ||    20
Throw: Boomerang         |    36 |     9 |     1 |     1 ||    47
       Throwing net      |       |       |       |     1 ||     1
Invok: Berserk           |       |     1 |     2 |     6 ||     9
Evoke: Wand              |       |       |     1 |       ||     1
  Use: Potion            |       |     4 |     1 |     2 ||     7
       Scroll            |       |    10 |     9 |     6 ||    25
 Stab: Invisible         |       |     4 |       |       ||     4
       Sleeping          |       |     3 |       |       ||     3
       Held in net/web   |       |       |       |     1 ||     1
  Eat: Chunk             |     1 |    11 |    10 |     8 ||    30
       Ration            |       |       |       |     2 ||     2
Armor: Animal skin       |    32 |    34 |       |       ||    66
       Ring mail         |       |    53 |    86 |       ||   139
       Scale mail        |       |       |    54 |   170 ||   224
Dodge: Dodged            |    85 |   188 |   164 |   153 ||   590

Table legend:
 A = Non-vault XP
 B = Vault XP
 C = Vault XP percentage of total XP
 D = Non-vault monster count
 E = Vault monster count
 F = Vault count percentage of total count
                 A         B        C        D         E       F
            +---------+---------+-------+---------+---------+-------
      Total |   13204 |    5953 |  31.1 |     249 |      29 |  10.4
            +---------+---------+-------+---------+---------+-------
        D:1 |      61 |       0 |   0.0 |      35 |       0 |   0.0
        D:2 |     160 |      34 |  17.5 |      31 |       6 |  16.2
        D:3 |      62 |       0 |   0.0 |      20 |       0 |   0.0
        D:4 |     292 |      34 |  10.4 |      16 |      11 |  40.7
        D:5 |     708 |       4 |   0.6 |      17 |       1 |   5.6
        D:6 |    1374 |       0 |   0.0 |      31 |       0 |   0.0
        D:7 |     877 |       0 |   0.0 |      12 |       0 |   0.0
        D:8 |     315 |       0 |   0.0 |       6 |       0 |   0.0
        D:9 |    1698 |     389 |  18.6 |      19 |       1 |   5.0
       D:10 |    1892 |     972 |  33.9 |      27 |       5 |  15.6
       D:11 |    3885 |    1397 |  26.4 |      25 |       2 |   7.4
       D:12 |      42 |       0 |   0.0 |       1 |       0 |   0.0
     Lair:1 |    1838 |       0 |   0.0 |       9 |       0 |   0.0
   Gauntlet |       0 |    3123 | 100.0 |       0 |       3 | 100.0
            +---------+---------+-------+---------+---------+-------
